[Event "39th Muensterland Open 2022"]
[Site "Muenster"]
[Date "2022.10.06"]
[Round "7.7"]
[White "Weidemann, Jakob"]
[Black "Kummerow, Heiko"]
[Result "1/2-1/2"]
[ECO "C07"]
[WhiteElo "2084"]
[BlackElo "2208"]
[Annotator "TA"]
[PlyCount "61"]
[EventDate "2022.10.01"]
[EventType "swiss"]
[EventCountry "GER"]
[SourceTitle "playchess.com"]
[Source "ChessBase"]
[SourceQuality "1"]
[TimeControl "40/5400+30:1800+30"]

1. e4 e6 2. d4 d5 3. Nd2 c5 4. exd5 Qxd5 5. Ngf3 cxd4 6. Bc4 Qd7 {[%emt 0:00:08] C07: French Tarrasch: 3...c5, 4 Ngf3 and 4 exd5 Qxd5.} 7. O-O Nc6 8. Nb3 a6 9. Nbxd4 (9. Bf4 {feels hotter.} Nf6 10. a4 Bd6 11. Bxd6 Qxd6 12. Nbxd4 Bd7 13. Nxc6 Qxc6 14. Ne5) 9... Nxd4 10. Qxd4 Qxd4 11. Nxd4 Bd7 $1 {[%emt 0:00:07] The main line 11...Bd7 scores better than 11...Nf6.} 12. Be2 Ne7 {[%emt 0:14:12] [#]} 13. b3 $146 ({White should play} 13. c3 $14) ({Predecessor:} 13. Bf3 Nc6 14. Nxc6 Bxc6 15. Bxc6+ bxc6 16. Rd1 Bc5 17. Bf4 Ke7 18. Rd3 Rhd8 19. Rad1 {½-½ (56) Martins,B (2284)-Briem,S (2199) Corum 2019}) 13... Nc6 {[%emt 0:07:59] The position is equal.} (13... e5 $5 14. Nf3 $8 f6 $11) 14. Bb2 Bc5 15. Rfd1 Nxd4 16. Bxd4 Bxd4 17. Rxd4 Ke7 18. Bf3 Rab8 19. Rad1 Rhd8 20. c4 b6 21. b4 Ba4 22. Rxd8 Rxd8 23. Rxd8 Kxd8 $11 {[%emt 0:00:05][%mdl 4096] Endgame KB-KB} 24. Kf1 Kc7 25. Ke2 a5 26. a3 axb4 27. axb4 Bd7 28. Ke3 Kd6 29. Be2 Bc6 30. Bf3 Bd7 31. Ke4 {[%emt 0:29:02] Not much happened in this game.  Weighted Error Value: White=0.04 (flawless) /Black=0.03 (flawless)} 1/2-1/2

[Event "39th Muensterland Open 2022"]
[Site "Muenster"]
[Date "2022.10.06"]
[Round "7.8"]
[White "Gallasch, Robin"]
[Black "Panjer, Sidney"]
[Result "1-0"]
[ECO "D02"]
[WhiteElo "2021"]
[BlackElo "2197"]
[Annotator "TA"]
[PlyCount "67"]
[EventDate "2022.10.01"]
[EventType "swiss"]
[EventCountry "GER"]
[SourceTitle "playchess.com"]
[Source "ChessBase"]
[SourceQuality "1"]
[TimeControl "40/5400+30:1800+30"]

1. Nf3 Nf6 2. g3 d5 3. Bg2 Nbd7 4. d4 Nb6 5. O-O Bf5 6. b3 {[%emt 0:06:28] D02: 1 d4 d5 2 Nf3 sidelines, including 2...Nf6 3 g3 and 2...Nf6 3 Bf4.} e6 7. a4 a5 {[%emt 0:01:45] [#]} 8. Ne5 $146 {[%emt 0:12:00] White is slightly better.} ({Predecessor:} 8. Bb2 Be7 9. Nbd2 O-O 10. e3 h6 11. Rc1 c6 12. Qe2 Nbd7 13. c4 Qb6 14. Ne1 {0-1 (55) Babazada,K (2431)-Dobrov,V (2478) Chess.com INT 2022}) 8... Be7 9. Ba3 O-O 10. e3 h6 11. Qe2 c6 12. c4 Bxa3 13. Nxa3 Nbd7 14. Nd3 Re8 15. Rfd1 Qe7 16. Nc2 e5 17. dxe5 (17. Nxe5 {looks sharper.} Nxe5 18. dxe5 Qxe5 19. cxd5 Bg4 20. f3) 17... Nxe5 18. Nxe5 Qxe5 19. cxd5 Nxd5 20. Bxd5 cxd5 21. Nd4 Be4 (21... Bd7 $11) 22. Rac1 Rad8 (22... h5 $14) 23. f3 ({White should try} 23. Qb5 $16) 23... Bg6 $14 24. Kf2 Re7 (24... Rc8 $14) 25. Qd2 Rd6 26. Ne2 Qh5 27. h4 Be4 $2 {[%emt 0:02:30][%mdl 8192] [#] This move loses the game for Black.} (27... Qe5 $16 {was called for.} 28. Nf4 Kh7) 28. fxe4 $18 Rf6+ (28... Rxe4 $142 29. Nf4 (29. Qxa5 Rxe3 30. Qa8+ Kh7 $17) 29... Qg4 30. Nxd5 Kh7) 29. Nf4 g5 30. Qxd5 Kg7 31. Rh1 {[%emt 0:01:31] [#] Black must now prevent Rc8.} ({And not} 31. Kg2 Rxf4 32. Qd4+ (32. exf4 Qe2+ 33. Kh1 Qf3+ 34. Kg1 Qxg3+ 35. Kh1 Qf3+ 36. Kh2 Qe2+ 37. Kg3 Qe3+ 38. Kh2 Qe2+ 39. Kh1 Qf3+ 40. Kh2 Qxf4+ 41. Kg2 Qg4+ 42. Kf2 Rxe4 $11) 32... Rf6 33. hxg5 Qf3+ 34. Kh3 Qh5+ 35. Kg2 Qf3+ 36. Kh3 Qh5+ 37. Kg2 $11) 31... Qg4 {[%emt 0:00:37] Inhibits Rc8.} 32. hxg5 hxg5 33. Qd8 Rxf4+ 34. gxf4 {[%emt 0:00:10] Weighted Error Value: White=0.21 (precise) /Black=0.65} 1-0

[Event "39th Muensterland Open 2022"]
[Site "Muenster"]
[Date "2022.10.06"]
[Round "7.9"]
[White "Quinones-Maletti, Julio Guillermo"]
[Black "Garbuz, Vitaliy"]
[Result "0-1"]
[ECO "B35"]
[WhiteElo "2020"]
[BlackElo "2142"]
[Annotator "TA"]
[PlyCount "52"]
[EventDate "2022.10.01"]
[EventType "swiss"]
[EventCountry "GER"]
[SourceTitle "playchess.com"]
[Source "ChessBase"]
[SourceQuality "1"]
[TimeControl "40/5400+30:1800+30"]

1. e4 c5 2. Nf3 Nc6 3. d4 cxd4 4. Nxd4 g6 5. Nc3 Bg7 6. Be3 Nf6 7. Bc4 O-O 8. Bb3 Re8 {[%emt 0:00:07] B35: Sicilian: Accelerated Dragon with 5 Nc3: main line.} 9. f3 e6 10. f4 {[%emt 0:00:55] 10.Qd2 gains popularity.} Nd5 {[%emt 0:00:08] White has an edge.} 11. exd5 exd5 12. Kf2 (12. O-O $5 Rxe3 13. Ndb5 $14) 12... Rxe3 $1 13. Nxc6 {[%emt 0:09:31] [#]} ({Much worse is} 13. Nxd5 Re4 14. Nf3 d6 $11) (13. Kxe3 $14 Bxd4+ 14. Kd2) 13... bxc6 $1 $15 14. Kxe3 {[%emt 0:00:15] And now Kf2 would win.} d4+ {[%emt 0:00:12] [#]} 15. Kd2 $146 (15. Kf2 $15 dxc3 16. bxc3) ({Predecessor:} 15. Kf3 dxc3 16. Qd6 cxb2 17. Rae1 Qf8 18. Qxf8+ Kxf8 19. Re3 d5 20. g4 Be6 21. Re2 {0-1 (32) Lima,V (2002)-Bastos,G (1857) Niteroi 2022}) 15... Qa5 {[%emt 0:05:49][%mdl 64] Pin} 16. Qf3 d5 17. Rae1 {[%emt 0:05:06] aiming for Re8+.} Bf5 18. g4 dxc3+ 19. Kc1 $1 Be4 {[%emt 0:06:37] Black is more active.} 20. Rxe4 {[%emt 0:00:02] Strongly threatening Re2.} dxe4 21. Qxe4 cxb2+ 22. Kb1 Qd2 $40 {[%emt 0:12:43][%mdl 128] Black mounts an attack.} 23. f5 $2 {[%emt 0:12:23][%mdl 8192] [#] Loses the game.} ({White should play} 23. Qxc6 $15 Rd8 24. Qf3) 23... Bh6 $1 $19 {[%emt 0:14:35] ( -> ...Qc1+)} 24. Kxb2 (24. Qe1 $142 Qc1+ 25. Qxc1 bxc1=Q+ 26. Rxc1 Bxc1 27. Kxc1) 24... Bg7+ 25. Kb1 Qc3 26. Kc1 Rd8 {[%emt 0:00:17] Weighted Error Value: White=0.95/Black=0.07 (flawless)} 0-1

[Event "39th Muensterland Open 2022"]
[Site "Muenster"]
[Date "2022.10.06"]
[Round "7.10"]
[White "Blockhaus, Tobias"]
[Black "Schliebener, Stephan"]
[Result "1-0"]
[ECO "B06"]
[WhiteElo "1693"]
[BlackElo "2119"]
[Annotator "TA"]
[PlyCount "84"]
[EventDate "2022.10.01"]
[EventType "swiss"]
[EventCountry "GER"]
[SourceTitle "playchess.com"]
[Source "ChessBase"]
[SourceQuality "1"]
[TimeControl "40/5400+30:1800+30"]

1. e4 g6 2. d4 Bg7 3. Nc3 a6 4. f4 d6 5. Nf3 Bg4 6. Be2 {[%emt 0:02:17] B06: Modern Defence.} Nc6 7. Be3 e5 8. fxe5 {[%emt 0:08:08] White is slightly better.} Bxf3 9. Bxf3 {[%emt 1:11:51] exd6 is the strong threat.} dxe5 10. d5 Nd4 11. O-O Ne7 12. Ne2 $36 {[%emt 0:12:41][%cal Re2d4][%mdl 2048] White is more active.} Nxf3+ 13. Rxf3 {[%emt 0:00:08] [#]} Qd7 $146 ({Predecessor:} 13... O-O 14. c4 b6 15. Nc3 f5 16. Qe2 f4 17. Bf2 g5 18. Rd3 Rf6 19. c5 bxc5 20. Bxc5 {1-0 (64) Xu,Y (2507)-Dimakiling,O (2420) Chess.com INT 2022}) 14. c4 f5 15. Nc3 f4 {[%emt 0:00:33] [#]} (15... O-O $1 $14) 16. Bc5 (16. Bf2 $142 $1) 16... g5 {[%emt 0:01:19] [#]} (16... Nc8 $16) 17. b4 (17. Ba3 $1 $18) 17... Nc8 (17... O-O $14) 18. Qa4 {[%emt 0:07:41] White is more active.} (18. Rd3 $16) 18... Qxa4 19. Nxa4 b6 20. Bf2 Nd6 21. Re1 (21. c5 $11 Nxe4 22. cxb6 cxb6 23. Bxb6) 21... Nxc4 $17 22. Rc1 b5 23. Nc5 g4 24. Rd3 Bf8 25. Ne6 Bd6 26. Bc5 Kd7 27. a4 Rhc8 28. Rdc3 (28. Rc2 $17 {was necessary.}) 28... Ke7 (28... c6 $19 {Strongly threatening ...a5.} 29. a5 cxd5 30. exd5 Bxc5+ 31. Nxc5+ Kd6) 29. Ra1 (29. g3 $17) 29... h6 (29... c6 $19 {White must now prevent ...a5.} 30. a5 Bxc5+ 31. Nxc5 cxd5 32. exd5 Kd6) 30. axb5 $2 (30. a5 $17) 30... axb5 $19 31. Rxa8 (31. Rcc1 {keeps fighting.} c6 32. Re1) 31... Rxa8 32. Nxc7 Ra1+ 33. Kf2 Ra2+ 34. Ke1 (34. Kg1 $142 Bxc5+ 35. bxc5 Ra1+ 36. Kf2) 34... Rxg2 35. Nxb5 Bxc5 36. bxc5 {[%emt 0:01:52][%mdl 4096] Endgame KRN-KRN} Nd2 37. d6+ Kf6 $4 (37... Kd8 38. c6 Nf3+ 39. Kf1 Rg1+ 40. Kf2) (37... Ke6 $19 {( -> ...f3)} 38. Nc7+ Kd7) 38. d7 $18 Ke7 39. Rd3 $2 (39. d8=Q+ $16 Kxd8 40. Rd3+ Ke7 41. Rxd2 Rg1+ 42. Kf2) 39... Nf3+ $11 40. Kf1 Rg1+ 41. Kf2 Kd8 $2 (41... Rg2+ $11 42. Kf1 Rg1+ 43. Kf2 Rg2+ 44. Kf1) 42. c6 $18 Nd4 {[%emt 0:00:51] Weighted Error Value: White=0.64/Black=0.34} 1-0

[Event "39th Muensterland Open 2022"]
[Site "Muenster"]
[Date "2022.10.07"]
[Round "8.1"]
[White "Koellner, Ruben Gideon"]
[Black "Bungarten, Jona"]
[Result "1-0"]
[ECO "D02"]
[WhiteElo "2403"]
[BlackElo "2010"]
[Annotator "TA"]
[PlyCount "39"]
[EventDate "2022.10.01"]
[EventType "swiss"]
[EventCountry "GER"]
[SourceTitle "playchess.com"]
[Source "ChessBase"]
[SourceQuality "1"]
[TimeControl "40/5400+30:1800+30"]

1. d4 d5 2. Nf3 Nf6 3. Bf4 c5 4. e3 Nc6 5. Nbd2 Bf5 6. Bb5 {[%emt 0:00:06] D02: 1 d4 d5 2 Nf3 sidelines, including 2...Nf6 3 g3 and 2...Nf6 3 Bf4.} e6 7. O-O {[%emt 0:00:45] [#]} Bd6 $146 ({Predecessor:} 7... Rc8 8. c3 Be7 9. dxc5 Bxc5 10. Nd4 Bg6 11. Qa4 Qb6 12. N2b3 O-O 13. Nxc5 Qxc5 14. Bxc6 bxc6 {1-0 (55) Neelotpal,D (2410)-Havanecz,B (2257) Chess.com INT 2021}) 8. dxc5 {[%emt 0:00:46] White is slightly better.} Bxc5 9. Ne5 Qb6 10. c4 O-O 11. Bxc6 bxc6 12. g4 Bg6 13. g5 $36 {[%emt 0:00:07][%mdl 2048] White fights for an advantage.} Ne4 {[%emt 0:00:15] Loses the game.} (13... Nh5 $1 $14) 14. Nd7 $1 $18 Qb4 15. Nxe4 (15. Nxf8 Nxd2 16. Nxg6 hxg6 $14) 15... Bxe4 {[%emt 0:00:11] [#]} 16. a3 $1 ({Not} 16. Nxf8 Rxf8 17. cxd5 Bxd5 $16) 16... Qxc4 17. Rc1 {[%emt 0:00:17][%mdl 64] Skewer. Really sharp! White is winning.} Qa2 18. Nxc5 ({Don't play} 18. Rxc5 Rfd8 19. Ne5 (19. Rxc6 Rxd7 20. f3 Bf5 $16) 19... Qxb2 20. Nxc6 Re8 $18) 18... Qxb2 19. Nxe4 dxe4 20. Qd4 {[%emt 0:00:23] Prevents e5.  Weighted Error Value: White=0.00 (flawless) /Black=0.52} 1-0

[Event "39th Muensterland Open 2022"]
[Site "Muenster"]
[Date "2022.10.07"]
[Round "8.3"]
[White "Garbuz, Vitaliy"]
[Black "Dordevic, Tom"]
[Result "1/2-1/2"]
[ECO "E05"]
[WhiteElo "2142"]
[BlackElo "1767"]
[Annotator "TA"]
[PlyCount "83"]
[EventDate "2022.10.01"]
[EventType "swiss"]
[EventCountry "GER"]
[SourceTitle "playchess.com"]
[Source "ChessBase"]
[SourceQuality "1"]
[TimeControl "40/5400+30:1800+30"]

1. Nf3 Nf6 2. c4 e6 3. g3 d5 4. Bg2 Be7 5. d4 O-O 6. O-O dxc4 7. Ne5 Nc6 8. Nxc6 bxc6 9. Na3 Bxa3 10. bxa3 Rb8 {[%emt 0:00:13] E05: Open Catalan: 5 Nf3 Be7.} 11. Qa4 Nd5 (11... Qxd4 $11 {keeps the balance.} 12. Be3 Qg4) 12. Qxc4 $16 Rb6 {[%emt 0:01:19] White is better.} 13. Re1 Ba6 14. Qc5 {[%emt 0:04:50] [#]} Qd7 $146 (14... Qd6 $16) ({Predecessor:} 14... f5 15. a4 f4 16. Ba3 Rf7 17. a5 fxg3 18. hxg3 Rb8 19. e4 Qf6 20. f3 Rb5 21. Qxa7 {1-0 (35) Hertneck,G (2513)-Friedel,J (2555) Bad Wiessee 2009}) 15. e4 $18 Rb5 (15... Nf6 $16 {keeps fighting.} 16. Bf3 Rd8) 16. Qxa7 Nb6 17. Bf4 (17. Qxa6 $18 {is the precise move to win.} Ra8 18. Qb7) 17... g5 $16 18. a4 Rb4 (18... Rb2 $16 {is a better defense.}) 19. Rab1 $2 (19. Qxa6 $6 gxf4 20. Qa5 (20. gxf4 Rxa4 21. Qb7 Kh8 $11) 20... Qe7 $16) (19. Bxg5 $2 Ra8 20. Qxa8+ Nxa8 $19) (19. a5 $1 $18 Nc8 20. Qxa6 gxf4 21. gxf4) 19... Ra8 $1 $11 20. Qxa8+ (20. Qxc7 gxf4 21. Qxf4 (21. Qxd7 Rxb1 22. Rxb1 Nxd7 $17) 21... Rxb1 22. Qg5+ Kf8 23. Qh6+ Ke8 24. Rxb1 Qxd4 25. Qxh7 Nd7 $17) 20... Nxa8 21. Rxb4 gxf4 22. Rb8+ Kg7 {[%emt 0:00:00] And now ...Nb6 would win.} 23. Rxa8 Bc4 24. Rd1 (24. Rb8 $11 {remains equal.}) 24... Be2 $1 $17 25. Rd2 (25. Re1 $15 f3 26. Rb8) 25... f3 $19 26. Ra5 (26. Rb8 {was the only defense.} c5 27. Rb3 cxd4 28. Bxf3 Bxf3 29. Rxf3) 26... c5 $2 (26... Qd6 $19 {Strongly threatening ...Qb4.} 27. Rg5+ Kh8) 27. Rxc5 $11 Qxa4 {[%emt 0:00:00] Hoping for ...Qb4.} 28. Rcc2 (28. Rxc7 $2 Qb4 29. Rxe2 fxe2 $19) (28. Bf1 $1 $11) 28... e5 (28... Qb4 $17 29. Rxe2 (29. Rb2 Qc3 $17) 29... fxe2 30. Rxe2 Qxd4) 29. dxe5 (29. Rxc7 $2 Qb4 30. Rd1 Bxd1 $19) 29... Qxe4 {[%emt 0:00:00] [#]} (29... Qb5 $17 {( -> ...Qb1+)} 30. Rb2 Qxe5) 30. Bf1 (30. Rc1 $1 $14) 30... Bxf1 31. Kxf1 Qxe5 {[%emt 0:00:00][%mdl 4096] Endgame KQ-KRR} (31... Qb4 $5 32. Rd1 $8 Qg4 $11) 32. Rc1 {[%emt 0:00:20] Inhibits Qa1.} Qe6 33. Rc3 Qh3+ 34. Ke1 {[%emt 0:00:06] Active counter play!} Qg2 35. Kd1 Qf1+ ({Black should try} 35... Qxh2 $14 36. Rxc7 Qh1+ 37. Kc2 Qa1) 36. Kc2 $16 Qa1 {[%emt 0:00:00] [#]} 37. Kd3 $1 (37. Rxf3 $6 Qxa2+ 38. Kd1 Qb1+ 39. Ke2 c5 $11) 37... Qf1+ 38. Kc2 Qa1 $1 ({Resist} 38... Qa6 39. a3 $16 (39. Rxc7 Qxa2+ 40. Kc1 Qa1+ 41. Kc2 Qa2+ 42. Kd1 Qb1+ 43. Rc1 Qb5 $11)) 39. a3 ({Much worse is} 39. Rxf3 Qxa2+ 40. Kd1 Qb1+ 41. Ke2 c5 $11) (39. Kb3 $16) 39... Qa2+ $11 {[%emt 0:00:33] The position is equal.} 40. Kc1 Qa1+ 41. Kc2 Qa2+ 42. Kc1 {[%emt 0:00:33] Never resign too early!  Weighted Error Value: White=0.56/Black=0.43} 1/2-1/2

[Event "39th Muensterland Open 2022"]
[Site "Muenster"]
[Date "2022.10.07"]
[Round "8.4"]
[White "Gallasch, Robin"]
[Black "Blockhaus, Tobias"]
[Result "1-0"]
[ECO "E17"]
[WhiteElo "2021"]
[BlackElo "1693"]
[Annotator "TA"]
[PlyCount "73"]
[EventDate "2022.10.01"]
[EventType "swiss"]
[EventCountry "GER"]
[SourceTitle "playchess.com"]
[Source "ChessBase"]
[SourceQuality "1"]
[TimeControl "40/5400+30:1800+30"]

1. Nf3 d5 2. g3 b6 3. Bg2 Bb7 4. O-O Nf6 5. c4 e6 6. d4 Be7 7. Nc3 O-O 8. cxd5 exd5 9. Bf4 c6 10. Rc1 Nbd7 11. Re1 Re8 12. Qd3 {[%emt 0:07:37] [#] E17: Queen's Indian: 4 g3 Bb7 5 Bg2 Be7.} a5 $146 ({Predecessor:} 12... Nf8 13. Nh4 Ne6 14. Bd2 Bf8 15. Nf5 Rc8 16. Rcd1 Rc7 17. Bc1 Rd7 18. Nh4 Ne4 19. Nf3 c5 {1-0 (75) Ambartsumova,K (2359)-Danielian,E (2417) St Petersburg 2019}) 13. h4 Ne4 14. Ne5 (14. Nxe4 dxe4 15. Qxe4 Bb4 $11) (14. Qc2 $14 {was preferrable.}) 14... Nxe5 $11 15. Bxe5 Nxc3 16. bxc3 Ba6 17. Qd2 Ba3 18. Rb1 f6 19. Bf4 Bc4 20. Qc2 b5 {[%emt 0:02:36] Inhibits Qa4.} 21. e4 Bd6 22. e5 fxe5 23. dxe5 Bc5 24. h5 (24. Bf1) 24... b4 (24... Qd7) 25. h6 Ra7 26. hxg7 bxc3 27. Qxc3 Bb4 28. Qe3 {[%emt 0:00:06] Dancing on a razor blade.} ({But not} 28. Rxb4 axb4 29. Qxb4 Qe7 30. Qxe7 (30. Qb6 Ra6 $11) 30... Raxe7 $11) 28... Rxg7 29. Red1 Bxa2 (29... Qe7) 30. Rbc1 {[%emt 0:00:09] Rc2 is the strong threat.} Qa8 {[%emt 0:01:48] [#]} 31. Bg5 (31. Bh6 $1 $16 Rg6 32. Rc2) 31... Bc4 $2 (31... Rg6) (31... Rg6 $1 $14) 32. Bf6 $18 Rg6 {[%emt 0:01:23] [#] And now ...Rxf6 would win.} (32... Qa7) 33. Qd4 ({Better is} 33. Be4 $1 $18 dxe4 34. Rxc4) 33... c5 $2 (33... Qc8) (33... Qc8 $16) 34. Qh4 Qc8 $2 (34... Ba2 35. Qh1 Qc6 36. Rxd5 (36. Bxd5+ Bxd5 37. Rxd5 c4) 36... Rxf6) (34... Ba2 $18 35. Rd3 Qc8 36. Rxd5 (36. Bxd5+ Bxd5 37. Rxd5 Qf5 $18) 36... Qg4) 35. Rxc4 {[%emt 0:00:31][%mdl 64] Remove Defender. White mates.} dxc4 36. Bd5+ {[%emt 0:00:05] A strong pair of Bishops.} Re6 37. Bxe6+ {[%emt 0:00:07] Weighted Error Value: White=0.14 (very precise) /Black=0.52} 1-0

[Event "39th Muensterland Open 2022"]
[Site "Muenster"]
[Date "2022.10.07"]
[Round "8.5"]
[White "Holtel, Jasper"]
[Black "Scholz, Christian"]
[Result "0-1"]
[ECO "A49"]
[WhiteElo "2413"]
[BlackElo "2332"]
[Annotator "TA"]
[PlyCount "144"]
[EventDate "2022.10.01"]
[EventType "swiss"]
[EventCountry "GER"]
[SourceTitle "playchess.com"]
[Source "ChessBase"]
[SourceQuality "1"]
[TimeControl "40/5400+30:1800+30"]

1. Nf3 Nf6 2. g3 g6 3. b3 Bg7 4. Bb2 O-O 5. Bg2 d6 6. d4 b5 {[%emt 0:00:07] A49: 1 d4 Nf6 2 Nf3 g6 3 g3: Anti-King's Indian systems.} 7. O-O Bb7 8. Qd3 {[%emt 0:01:12] [#]} Qe8 $146 {[%emt 0:00:00][%cal Oe7e5] The position is equal.} ({Predecessor:} 8... a6 9. Nbd2 Nbd7 10. c4 c5 11. d5 Nb6 12. Qc2 bxc4 13. bxc4 a5 14. e4 Ba6 {½-½ (67) Artemiev,V (2709)-Carlsen,M (2847) chess24.com INT 2021}) 9. Nbd2 b4 10. c4 bxc3 11. Qxc3 Na6 12. Qa5 c5 13. Rac1 Qd8 14. Nc4 Rc8 15. dxc5 Rxc5 16. Qxd8 Rxd8 17. Bd4 Rc7 18. Na5 {[%emt 0:04:31] [#] Threatens to win with Rxc7.} Be4 19. Rxc7 Nxc7 20. Rc1 Ne6 21. Be3 Nd5 22. Nc6 Rd7 23. Nfe5 Bxe5 24. Bxe4 Nxe3 25. fxe3 Bf6 26. b4 Rc7 27. Rb1 Kf8 28. a4 Ke8 29. a5 Kd7 30. b5 {[%emt 0:07:12][%cal Oc6a7] Strongly threatening Nxa7!} Nc5 31. Bf3 e6 32. Nb8+ Kc8 33. b6 Kxb8 ({Much less strong is} 33... axb6 34. axb6 Rb7 35. Nc6 $14) 34. bxc7+ Kxc7 $11 {[%emt 0:00:02][%mdl 4096] Endgame KRB-KBN} 35. Rc1 Bg5 36. Kf2 h5 37. Rc4 (37. Be4 $5) 37... Be7 38. Rc2 Bd8 39. Ra2 d5 40. Rc2 Kd6 41. Ra2 Bc7 42. Bg2 Kc6 43. e4 dxe4 44. Ke3 (44. Bf1 $11) 44... f5 $15 45. Kd4 (45. Bf1 $15) 45... Nb3+ $17 46. Kc4 (46. Kc3 $17 Nxa5 47. Kb4) 46... Nxa5+ $19 47. Kb4 Kd5 48. e3 $2 {[%emt 0:04:06] Now White is beyond hope.} (48. Kb5 $17 {was worth a try.}) 48... Nc4 49. Rxa7 Bd6+ 50. Kc3 Nxe3 51. Bh1 Be5+ 52. Kd2 Nf1+ {[%emt 0:00:07] Black is clearly winning.} 53. Ke2 Nxh2 54. Ra3 (54. Ra5+ $142 Kd6 55. Ra6+ Ke7 56. Ra3) 54... Bd6 55. Ra5+ Kd4 56. Ra6 Ke5 57. Bg2 Bc7 58. Ra7 Bb6 59. Ra6 Bd4 60. Ra4 Ng4 61. Bh3 (61. Ra5+ $142 Kf6 62. Ra8) 61... Ne3 {[%emt 0:00:27] aiming for ...g5.} 62. Ke1 {[%emt 0:01:06] [#]} Kf6 $1 63. Ke2 (63. Kf2 Bc5) 63... e5 64. Ra8 Kg5 65. Rh8 Nd5 {[%emt 0:01:04] White must now prevent ...f4.} 66. Kf1 Nc3 67. Ke1 e3 68. Bg2 Kg4 69. Rg8 g5 70. Bc6 e2 71. Bb7 e4 {[%emt 0:00:19] ( -> ...Kf3)} 72. Ba6 Kf3 {[%emt 0:00:09] Weighted Error Value: White=0.26 (precise) /Black=0.12 (very precise)} 0-1

[Event "39th Muensterland Open 2022"]
[Site "Muenster"]
[Date "2022.10.07"]
[Round "8.6"]
[White "Stillger, Bernhard"]
[Black "Junk, Phillip"]
[Result "1-0"]
[ECO "D02"]
[WhiteElo "2279"]
[BlackElo "2085"]
[Annotator "TA"]
[PlyCount "63"]
[EventDate "2022.10.01"]
[EventType "swiss"]
[EventCountry "GER"]
[SourceTitle "playchess.com"]
[Source "ChessBase"]
[SourceQuality "1"]
[TimeControl "40/5400+30:1800+30"]

1. d4 d5 2. c4 e6 3. Nf3 Nf6 4. g3 c5 5. cxd5 Nxd5 6. Bg2 cxd4 7. O-O Be7 8. Nxd4 O-O 9. e4 Nb4 10. Nc3 N8c6 11. Nxc6 Nxc6 12. Be3 e5 {[%emt 0:14:58] D02: 1 d4 d5 2 Nf3 sidelines, including 2...Nf6 3 g3 and 2...Nf6 3 Bf4.} 13. Nd5 Be6 14. Qa4 Bd6 {[%emt 0:51:19] White is slightly better.} 15. Rfd1 {[%emt 0:07:54] [#]} Qb8 $146 ({Predecessor:} 15... Qa5 16. Qxa5 Nxa5 17. Rac1 Rfd8 18. f4 Nc6 19. a3 f6 20. Bf1 Ne7 21. Nxe7+ Bxe7 22. Rxd8+ Bxd8 {½-½ (56) Sivuk,V (2552)-Cruz Lledo,P (2425) Valencia 2021}) 16. Rd2 b5 17. Qd1 Rd8 18. Qh5 Qb7 (18... Ne7 $11) 19. Rad1 $16 Bf8 20. Bh3 Bxh3 21. Qxh3 Kh8 22. Rc1 Rac8 23. Rdc2 {[%emt 0:23:34] White is much more active.} Bd6 {[%emt 0:00:53] [#] Loses the game.} (23... Ne7 $16 {keeps fighting.}) 24. Bg5 $1 $18 {[%emt 0:03:30][%cal Od5f6] White wants to mate with Nf6!} Be7 {[%emt 0:02:39] [#] Inhibits Nf6.} 25. Rxc6 $1 Rxc6 26. Rxc6 Bxg5 27. Rc7 Qa6 28. Rxf7 {[%emt 0:01:17] Hoping for Qf5.} Qxa2 $2 (28... Qg6) 29. Qf5 {[%emt 0:00:11][%csl LRe5,LRg5] Intending Rf8+ and mate.} Rg8 30. h4 Bh6 {[%emt 0:03:14] [#]} 31. Nf6 $1 Qxf7 (31... Qb1+ 32. Kg2) 32. Qxh7# {[%emt 0:09:30] Weighted Error Value: White=0.07 (flawless) /Black=0.58} 1-0